 Dungeon Crawl Stone Soup version 0.25.0-11-g1f837a76a1 (webtiles) character file.

Game seed: 12602181356510457998

87 nikku the Skirmisher (level 4, 0/36 HPs)
             Began as a Demonspawn Fighter on June 27, 2020.
             Succumbed to an adder's poison
             ... on level 2 of the Dungeon.
             The game lasted 00:05:15 (1825 turns).

nikku the Skirmisher (Demonspawn Fighter)           Turns: 1825, Time: 00:05:16

Health: 0/36       AC:  6    Str: 17    XL:     4   Next: 28%
Magic:  4/4        EV:  7    Int:  9    God:
Gold:   95         SH:  9    Dex: 13    Spells: 3/3 levels left

rFire    . . .     SeeInvis .   a - +0 war axe
rCold    . . .     Gourm    .   c - +0 kite shield
rNeg     . . .     Faith    .   b - +0 scale mail
rPois    .         Spirit   .   (helmet restricted)
rElec    .         Reflect  .   (no cloak)
rCorr    .         Harm     .   (no gloves)
MR       .....                  (no boots)
Stlth    +.........             (no amulet)
HPRegen  0.12/turn              (no ring)
MPRegen  0.09/turn              (no ring)

@: lethally poisoned (0 -> -13)
A: antennae 1, nightstalker 1
a: no special abilities


You were on level 2 of the Dungeon.
You were not hungry.

You visited 1 branch of the dungeon, and saw 2 of its levels.

You collected 95 gold pieces.

Inventory:

Hand Weapons
 a - a +0 war axe (weapon)
Armour
 b - a +0 scale mail (worn)
 c - a +0 kite shield (worn)
 h - a +0 helmet
 k - a +0 chain mail
Scrolls
 l - 3 scrolls of enchant armour {unknown}
 m - a scroll of magic mapping {unknown}
 o - 2 scrolls of identify
 p - a scroll of blinking {unknown}
Potions
 d - 2 potions of might
 e - a potion of degeneration {unknown}
 i - a potion of heal wounds
 j - a potion of brilliance {unknown}
 n - a potion of curing {unknown}
Comestibles
 f - 5 rations


   Skills:
 + Level 3.6 Fighting
 + Level 2.5 Axes
 + Level 3.3 Armour
 + Level 3.2 Shields


You had 3 spell levels left.
You didn't know any spells.
Your spell library was empty.

Dungeon Overview and Level Annotations

Branches:
Dungeon (2/15)

Altars:


Innate Abilities, Weirdness & Mutations

You have a pair of small antennae on your head.
You are slightly more attuned to the shadows.


Message History

* * * LOW HITPOINT WARNING * * *
You closely miss the adder.
The adder is almost dead.
* * * LOW HITPOINT WARNING * * *
You feel sick. The adder bites you but does no damage.
The adder barely misses you.
You closely miss the adder.
The adder is almost dead.
* * * LOW HITPOINT WARNING * * *
You feel sick. You block the adder's attack. The adder bites you.
* * * LOW HITPOINT WARNING * * *
You are more poisoned.
The adder poisons you!
You closely miss the adder.
The adder is almost dead.
* * * LOW HITPOINT WARNING * * *
You feel sick. The adder bites you but does no damage.
You hit the adder.
You kill the adder!
You die...

## ... ....
###############.....
#>.......(((!@).....
#.####.########..(..
#............. .... . .
######.####### #########
.#. #.###### #........#
..# #......#
#........###.#
######.#####........#....
#....##........#.#.#
#....# ........#.#).


There were no monsters in sight!

Vanquished Creatures
  3 adders
  2 worms (D:2)
  A dart slug (D:1)
  A leopard gecko (D:1)
  A giant cockroach (D:2)
  10 goblins
  4 hobgoblins (D:1)
  5 jackals (D:1)
  8 bats
  3 frilled lizards (D:1)
  6 kobolds
  6 rats
50 creatures vanquished.

Notes
Turn   | Place    | Note
-------+----------+-------------------------------------------
     0 | D:1      | nikku the Demonspawn Fighter began the quest for the Orb.
     0 | D:1      | Reached XP level 1. HP: 18/18 MP: 1/1
   287 | D:1      | Gained mutation: You are slightly more attuned to the
                  | shadows. [demonic ancestry]
   287 | D:1      | Reached XP level 2. HP: 24/24 MP: 2/2
   816 | D:1      | Reached XP level 3. HP: 29/29 MP: 3/3
  1553 | D:2      | Gained mutation: You have a pair of small antennae on your
                  | head. [demonic ancestry]
  1553 | D:2      | Reached XP level 4. HP: 24/35 MP: 4/4
  1825 | D:2      | Succumbed to an adder's poison

Illustrated notes

Levels and vault maps discovered:
D:1:      dpeg_arrival_brainrot, layout_basic
D:2:      layout_basic, minmay_crystal_room, minmay_tiny_reverse_x

Skill      XL: |  1  2 |
---------------+-------+-----
Axes           | 2 |  2.5
Armour         | 3 |  3.3
Shields        | 3 |  3.2
Fighting       | |  3.6

Action                   |  1- 3 |  4- 6 || total
-------------------------+-------+-------++-------
Melee: War axe           |   159 |    46 ||   205
  Use: Scroll            |     3 |       ||     3
       Potion            |     1 |       ||     1
  Eat: Chunk             |     2 |     1 ||     3
Armor: Scale mail        |   102 |    26 ||   128
Dodge: Dodged            |    64 |    16 ||    80
Block: Kite shield       |   116 |    30 ||   146
